 Dungeon Crawl Stone Soup version 0.28.0-53-g5a82cb258f (webtiles) character file.

Game seed: 4483192957894121829

623 kudzoo the Magician (level 7, -6/48 HPs)
             Began as a Djinni Fire Elementalist on July 30, 2022.
             Mangled by an ogre
             ... wielding a +0 giant club
              (26 damage)
             ... on level 6 of the Dungeon on July 31, 2022.
             The game lasted 01:10:41 (5417 turns).

kudzoo the Magician (Djinni Fire Elementalist)      Turns: 5417, Time: 01:10:41

Health: -6/48      AC:  3    Str:  7    XL:     7   Next: 75%
Gold:   143        EV: 13    Int: 19    God:
                   SH:  0    Dex: 15

rFire   + + .      SeeInvis +   m - +6 bardiche "Leviticus" {holy, rPois MP+9}
rCold   x . .      Faith    .   (shield currently unavailable)
rNeg    . . .      Spirit   .   a - +0 robe
rPois   ∞          Reflect  .   (no helmet)
rElec   .          Harm     .   (no cloak)
rCorr   .          Rampage  .   C - +0 pair of gloves
Will    .....                   (boots unavailable)
Stlth   ++........              (no amulet)
HPRegen 0.16/turn               s - ring of see invisible
MPRegen 0.00/turn               (no ring)

@: flying
A: sickness immunity, fire resistance 2, cold vulnerability 1, float, innate
caster, HP casting, extra vitality 1, agile 1
a: no special abilities


You were on level 6 of the Dungeon.
You visited 1 branch of the dungeon, and saw 6 of its levels.

You collected 143 gold pieces.

Inventory:

Hand Weapons
 c - a +0 dagger
 f - a +0 club
 g - a +0 short sword
 m - the +6 bardiche "Leviticus" (weapon) {holy, rPois MP+9}
   (You found it on level 2 of the Dungeon)

   It has been blessed by the Shining One to cause great damage to the undead
   and demons.
   rPois:     It protects you from poison.
   MP:        It affects your magic capacity (+9).
 v - a +2 falchion of electrocution
 w - the +12 double sword "Effaurch" {freeze, rC++ Will++ Stlth-}
   (You found it on level 3 of the Dungeon)

   It freezes those it strikes, dealing additional cold damage.
   It can also slow down cold-blooded creatures.
   rC:        It greatly protects you from cold.
   Will:      It greatly increases your willpower.
   Stlth:     It makes you less stealthy.
 y - a +0 hand axe of electrocution
 F - a +0 dagger
 G - a +0 hunting sling
Missiles
 d - 198 stones
 h - 7 poisoned darts
 q - 63 arrows
 r - 59 bolts
 t - a silver boomerang
 u - 2 boomerangs of dispersal
Armour
 a - a +0 robe (worn)
 C - a +0 pair of gloves (worn)
 H - the +4 ring mail of Knowledge {Int+2}
   (You found it on level 4 of the Dungeon)

   Int:       It affects your intelligence (+2).
 I - a +0 leather armour
Magical Staves
 B - a staff of poison
Jewellery
 s - a ring of see invisible (left hand)
Scrolls
 e - a scroll of fog {unknown}
 n - a scroll of brand weapon {unknown}
 p - a scroll of summoning {unknown}
 x - 2 scrolls of torment {unknown}
 D - a scroll of holy word {unknown}
 E - a scroll of magic mapping {unknown}
 J - a scroll of fear {unknown}
Potions
 b - 3 potions of brilliance {unknown}
 i - a potion of flight
 j - 2 potions of heal wounds {unknown}
 k - a potion of cancellation
 l - a potion of lignification
 o - a potion of curing
 z - a potion of attraction


   Skills:
 + Level 1.7 Fighting
 + Level 1.2 Polearms
 + Level 3.1 Dodging
 + Level 2.5 Stealth
 + Level 5.6 Spellcasting


You couldn't memorise any spells.
You knew the following spells:

 Your Spells              Type           Power      Damage    Failure   Level
a - Foxfire               Conj/Fire      100%       2x1d9     1%          1
b - Scorch                Fire           52%        2d8       1%          2
c - Conjure Flame         Conj/Fire      26%        6-21      3%          3
d - Inner Flame           Hex/Fire       26%        N/A       3%          3
e - Flame Wave            Conj/Fire      26%        2d7       12%         4
f - Sting                 Tmut/Pois      100%       1d8       1%          1
g - Passwall              Tmut/Erth      21%        N/A       1%          2
h - Ignite Poison         Fire/Tmut/Pois 26%        N/A       3%          3
Your spell library was empty.

Dungeon Overview and Level Annotations

Branches:
Dungeon (6/15)
 Temple: D:4-7

Altars:
Sif Muna

Annotations:
D:2 1 runed translucent door, Crazy Yiuf
D:6 Sigmund


Innate Abilities, Weirdness & Mutations

You are immune to sickness and miasma.
You are immune to poison.
Your flesh is very heat resistant. (rF++)
You are vulnerable to cold. (rC-)
You float through the air rather than walking.
You learn spells naturally, not from books.
Your magical power is your life essence.
You have superior vitality. (+4 MHP)
You are agile. (Dex +2)


Message History

The magic dart hits you!
Casting: Foxfire (safe; 1% risk of failure)
Confirm with . or Enter, or press ? or * to list all spells.
Flames lash the orc wizard.
The orc wizard is burned terribly!
You kill the orc wizard!
The foxfire hits the orc wizard.
The orc wizard is lightly wounded.
The foxfire hits the orc wizard but does no damage.
The orc wizard is lightly wounded.
Casting: Scorch (safe; 1% risk of failure)
Confirm with . or Enter, or press ? or * to list all spells.
Flames lash the orc wizard.
The orc wizard is severely wounded.
The orc wizard's fire resistance burns away.
The orc wizard closely misses you.
An ogre comes into view. It is wielding a +0 giant club.
The orc wizard casts a spell at you. The magic dart hits you.
Casting: Scorch (safe; 1% risk of failure)
Confirm with . or Enter, or press ? or * to list all spells.
Flames lash the orc wizard.
The orc wizard is burned terribly!
You kill the orc wizard!
Things that are here:
a +0 dagger; a +0 robe
Press: ? - help, v - describe, . - travel
Here: an ogre, wielding a +0 giant club The floor.
Casting: Scorch (safe; 1% risk of failure)
Confirm with . or Enter, or press ? or * to list all spells.
Aiming: Sting (safe; 1% risk of failure)
Press: ? - help, Shift-Dir - straight line, f - ogre
Aim: an ogre, wielding a +0 giant club (89% to hit)
The sting hits the ogre.
The ogre is poisoned.
The ogre is lightly wounded.
The ogre barely misses you.
The ogre looks more healthy.
Found 10 gold pieces.
The ogre hits you with a +0 giant club!!
Ouch! That really hurt!
You die...

........).# .#
$...........+ ..#
.....>.>....#####..#
#@...#####...........#.
# ..
..................O.
#### #.#
.................#
.#.##..###
###...##........###
.#.......#
#......####.#####
.+.......#
#...@...)....#
.#[......#
#...O....)..## .#.#
####.....#### ##.#
#....## ...# ###.##
...# ### #..# #..# .<.#


You could see an ogre.

Vanquished Creatures
  A scorpion (D:6)
  A wyvern zombie (D:6)
  2 hounds (D:4)
  3 orc priests
  An iguana (D:5)
  Terence (D:3)
  5 orc wizards
  2 hound skeletons (D:4)
  5 adders
  2 shadow imps (D:6)
  A white imp (D:4)
  A dart slug (D:3)
  13 orcs
  6 ball pythons
  2 bats
  4 endoplasms
  2 giant cockroaches (D:1)
  6 goblins
  3 hobgoblins
  7 jackals (D:1)
  9 kobolds
  5 quokkas
  4 frilled lizards
  6 rats
92 creatures vanquished.

Vanquished Creatures (others)
  136 foxfires
136 creatures vanquished.

Grand Total: 228 creatures vanquished

Notes
Turn   | Place    | Note
-------+----------+-------------------------------------------
     0 | D:1      | kudzoo the Djinni Fire Elementalist began the quest for the
                  | Orb.
     0 | D:1      | Reached XP level 1. HP: 15/15 MP: 0/0
   151 | D:1      | Reached XP level 2. HP: 20/21 MP: 0/0
   521 | D:2      | Identified the +6 bardiche "Leviticus" {holy, rPois MP+9}
   565 | D:2      | Reached skill level 3 in Spellcasting
   585 | D:2      | Found a runed translucent door.
   586 | D:2      | Noticed Crazy Yiuf
   657 | D:1      | Reached XP level 3. HP: 20/25 MP: 0/0
   657 | D:1      | Learned a level 1 spell: Sting
  1566 | D:1      | Found a faded altar of an unknown god.
  1744 | D:2      | Reached XP level 4. HP: 24/31 MP: 0/0
  1844 | D:2      | Reached XP level 5. HP: 22/36 MP: 0/0
  1844 | D:2      | Learned a level 2 spell: Passwall
  2118 | D:2      | Reached skill level 4 in Spellcasting
  2594 | D:3      | Identified the +12 double sword "Effaurch" {freeze, rC++
                  | Will++ Stlth-}
  3068 | D:3      | Noticed Terence
  3083 | D:3      | Killed Terence
  3084 | D:3      | Reached XP level 6. HP: 25/41 MP: 0/0
  3580 | D:4      | Reached skill level 1 in Fighting
  4001 | D:4      | Identified the +4 ring mail of Knowledge {Int+2}
  4400 | D:5      | Entered Level 5 of the Dungeon
  4411 | D:5      | Noticed a black bear
  4472 | D:5      | Noticed a water moccasin
  4979 | D:5      | Gained mutation: You are agile. (Dex +2) [potion of
                  | mutation]
  5037 | D:6      | Noticed Sigmund
  5054 | D:6      | Reached XP level 7. HP: 45/47 MP: 0/0
  5054 | D:6      | Learned a level 3 spell: Ignite Poison
  5071 | D:6      | Reached skill level 1 in Polearms
  5071 | D:6      | Reached skill level 5 in Spellcasting
  5417 | D:6      | Mangled by an ogre

Illustrated notes

Levels and vault maps discovered:
D:1:      onia_arrival_mini_spirals, layout_basic,
          shapermc_ecumenical_altar_mp_vishouse, corexii_corridor_pit,
          minivault_27, grunt_decor_cap, chequers_garden, minmay_misc_feat_roman
D:2:      cheibrodos_pilgrimage, layout_loops_ring, basic_altar,
          uniq_crazy_yiuf_cottage
D:3:      layout_rooms, minmay_misc_feat_doors, uniq_terence
D:4:      layout_basic
D:5:      layout_loops_ring, serial_rivers, chequers_serial_rivers_micro_d,
          chequers_serial_rivers_marsh, chequers_serial_rivers_micro_a,
          chequers_serial_rivers_large_b, chequers_serial_rivers_small_b,
          serial_shops, nicolae_shop_crystal
D:6:      minmay_flawed_box, layout_gridville, minmay_misc_feat_more_columns,
          uniq_sigmund

Skill      XL: |  1  2  3  4  5  6  7 |
---------------+----------------------+-----
Spellcasting   | 3 4 5 |  5.6
Stealth        | 2 |  2.5
Fighting       | 1 |  1.7
Dodging        | 3 |  3.1
Polearms       | 1 |  1.2

Action                   |  1- 3 |  4- 6 |  7- 9 || total
-------------------------+-------+-------+-------++-------
Melee: Bardiche          |     8 |     2 |     1 ||    11
 Cast: Foxfire           |    45 |    22 |    12 ||    79
       Sting             |    10 |    59 |     6 ||    75
       Scorch            |     2 |     9 |    12 ||    23
       Passwall          |       |     2 |       ||     2
       Ignite Poison     |       |       |     1 ||     1
  Use: Scroll            |       |     6 |       ||     6
       Potion            |       |     1 |       ||     1
 Stab: Sleeping          |       |     1 |       ||     1
Armor: Robe              |     9 |     4 |       ||    13
Dodge: Dodged            |    34 |    32 |     6 ||    72
